 Dungeon Sprint DCSS version 0.27-a0-1196-g3e9cee4cb2 (webtiles) character file.

Game seed: 1920687736028654683

11994 Conn the Scorcher (level 11, -5/69 HPs)
             Began as an Octopode Fire Elementalist on May 24, 2021.
             Was a High Priest of Sif Muna.
             Slain by a 12-headed hydra (15 damage)
             ... in the Dungeon (Sprint I: "Red Sonja") on May 29, 2021.
             The game lasted 00:41:13 (4010 turns).

Conn the Scorcher (Octopode Fire Elementalist)      Turns: 4010, Time: 00:41:14

Health: -5/69      AC:  1    Str:  9    XL:     11   Next: 86%
Magic:  22/37      EV: 16    Int: 25    God:    Sif Muna [*****.]
Gold:   850        SH:  0    Dex: 14    Spells: 2/36 levels left

rFire    . . .     SeeInvis +   n - +6 dagger of the Ecumenical Temple {vorpal, Contam Will+ Dex+2 SInv}
rCold    . . .     Faith    .   (no shield)
rNeg     . . .     Spirit   .   (helmet restricted)
rPois    +         Reflect  .   (no amulet)
rElec    .         Harm     .   m - ring of Dogma {rPois Int+5}
rCorr    .         Rampage  .   o - ring of wizardry
Will     +....     Rnd*Rage +   p - ring of fire Stlth ++++......NoTele +
                                q - ring of magical power
HPRegen  0.21/turn              f - ring of ice
MPRegen  0.25/turn              u - ring of see invisible
                                (no ring)
                                (no ring)

@: no status effects
A: almost no armour, amphibious, 8 rings, camouflage 1, gelatinous body 1,
(nimble swimmer 1), tentacles, berserk 1, screaming 1
a: Renounce Religion, Channel Magic, Forget Spell, Divine Exegesis


You were in the Dungeon.
You worshipped Sif Muna.
Sif Muna was extremely pleased with you.
You visited 1 branch You collected 2278 gold pieces.
You spent 1428 gold pieces at shops.

Inventory:

Hand Weapons
 a - a +5 dagger of protection
 n - the +6 dagger of the Ecumenical Temple (weapon) {vorpal, Contam Will+ Dex+2 SInv}
   (You bought it in a shop in the Dungeon)

   It inflicts extra damage upon your enemies.
   It affects your dexterity (+2).
   It lets you see invisible.
   It causes magical contamination when unequipped.
   It increases your willpower.
Missiles
 h - 4 curare-tipped darts (quivered)
Jewellery
 f - a ring of ice (on tentacle)
 m - the ring of Dogma (left tentacle) {rPois Int+5}
   (You found it in the Dungeon)

   [ring of poison resistance]

   It affects your intelligence (+5).
   It protects you from poison.
 o - a ring of wizardry (right tentacle)
 p - a ring of fire (on tentacle)
 q - a ring of magical power (on tentacle)
 u - a ring of see invisible (on tentacle)
Scrolls
 i - a scroll of holy word {unknown}
 j - a scroll of magic mapping {unknown}
 k - a scroll of immolation {unknown}
 s - a scroll of fear
 t - a scroll of blinking
Potions
 b - 4 potions of curing
 c - a potion of heal wounds
 d - 2 potions of attraction {unknown}
 e - 2 potions of magic
 g - 2 potions of haste
 l - a potion of invisibility {unknown}
 r - a potion of lignification


   Skills:
 + Level 4.1 Fighting
 + Level 5.8 Short Blades
 + Level 0.2 Throwing
 - Level 7.5 Dodging
 - Level 5.2 Stealth
 - Level 0.8 Unarmed Combat
 * Level 13.3 Spellcasting
 + Level 12.1 Conjurations
 + Level 3.3 Summonings
 * Level 16.6 Fire Magic
 + Level 3.5 Ice Magic
 * Level 4.1 Earth Magic
 - Level 7.3 Invocations


You had 2 spell levels left.
You knew the following spells:

 Your Spells              Type           Power      Damage    Failure   Level
a - Foxfire               Conj/Fire      100%       2x1d9     0%          1
b - Lee's Rapid Deconstr  Erth           18%        3d12*     7%          5
c - Inner Flame           Hex/Fire       72%        N/A       1%          3
d - Sticky Flame          Conj/Fire      93%        2d10      1%          4
e - Fireball              Conj/Fire      46%        3d18      1%          5
f - Bolt of Magma         Conj/Fire/Erth 41%        4d17      1%          5
g - Ignition              Fire           49%        3d14      11%         8
i - Mephitic Cloud        Conj/Pois/Air  36%        N/A       1%          3

Your spell library contained the following spells:

 Spells                   Type           Power      Damage    Failure   Level
 Beastly Appendage        Tmut           32%        N/A       1%          1
 Shock                    Conj/Air       100%       1d9       1%          1
 Passwall                 Tmut/Erth      22%        N/A       1%          2
 Static Discharge         Conj/Air       47%        N/A       1%          2
 Corpse Rot               Necr/Air       N/A        N/A       2%          2
 Poisonous Vapours        Pois/Air       32%        N/A       2%          2
 Wereblood                Tmut           16%        N/A       2%          2
 Conjure Flame            Conj/Fire      93%        6-21      1%          3
 Iskenderun's Battlesphe  Conj           67%        2d12      1%          5
 Summon Ice Beast         Ice/Summ       50%        N/A       3%          4
 Irradiate                Conj/Tmut      23%        3d21      3%          5
 Spider Form              Tmut/Pois      8%         N/A       4%          3
 Ice Form                 Ice/Tmut       38%        N/A       7%          4
 Olgreb's Toxic Radiance  Pois           16%        N/A       14%         4
 Borgnjor's Vile Clutch   Necr/Erth      13%        N/A       16%         5
 Summon Mana Viper        Hex/Summ       25%        N/A       19%         5
 Freezing Cloud           Conj/Ice/Air   29%        6-21      26%         6
 Hydra Form               Tmut           8%         N/A       34%         5
 Manifold Assault         Tloc           16%        N/A       34%         5
 Silence                  Hex/Air        8%         N/A       34%         5
 Yara's Violent Unravell  Hex/Tmut       8%         3d5       34%         5
 Shadow Creatures         Summ           N/A        N/A       45%         6
 Statue Form              Tmut/Erth      18%        N/A       63%         6
 Blade Hands              Tmut           8%         N/A       88%         6
 Fire Storm               Conj/Fire      46%        8d12      98%         9


Dungeon Overview and Level Annotations

Branches:
Dungeon (1/1)

Altars:
Cheibriados
Dithmenos
Elyvilon
Fedhas
Gozag
Hepliaklqana
Kikubaaqudgha
Makhleb
Nemelex Xobeh
Okawaru
Qazlal
Ru
Sif Muna
Trog
Uskayaw
Vehumet
Wu Jian
Xom
Yredelemnul
Zin
The Shining One
Jiyva
Lugonu

Shops:
D *[(*[[?(=([?((=*==([[


Innate Abilities, Weirdness & Mutations

You cannot wear most types of armour.
You are amphibious.
You can wear up to eight rings at the same time.
Your skin changes colour to match your surroundings (Stealth+).
Your rubbery body absorbs attacks. (AC +1, EV +1)
((You are camouflaged near water. (Stealth+)))
You have tentacles for arms and can constrict up to eight enemies at once.
You tend to lose your temper in combat.
You occasionally shout uncontrollably at your foes.


Message History

Found 54 gold pieces.
Press: ? - help, v - describe, . - travel
Here: a 12-headed hydra (asleep)
The floor.
Casting: Lee's Rapid Deconstruction (dangerous; 8% risk of failure)
Confirm with . or Enter, or press ? or * to list all spells.
Aiming: Fireball (safe; 1% risk of failure)
Press: ? - help, Shift-Dir - straight line, f - 12-headed hydra
Aim: a 12-headed hydra (asleep)
You feel a surge of power!
The fireball explodes!
The fireball engulfs the 12-headed hydra!!!
The 12-headed hydra is heavily wounded.
The 12-headed hydra roars!
Sif Muna accepts your kill.
You feel a bit more experienced.
Casting: Fireball (safe; 1% risk of failure)
Confirm with . or Enter, or press ? or * to list all spells.
Aiming: Bolt of Magma (dangerous; 1% risk of failure)
Press: ? - help, Shift-Dir - straight line, f/p - 12-headed hydra
Aim: a 12-headed hydra (heavily wounded, 91% to hit)
You feel a surge of power!
The bolt of magma hits the 12-headed hydra!!
The 12-headed hydra is almost dead.
Casting: Bolt of Magma (dangerous; 1% risk of failure)
Confirm with . or Enter, or press ? or * to list all spells.
Aiming: Bolt of Magma (dangerous; 1% risk of failure)
Press: ? - help, Shift-Dir - straight line, f/p - 12-headed hydra
Aim: a 12-headed hydra (purple smoke, almost dead, 91% to hit)
You feel a surge of power!
The bolt of magma hits the 12-headed hydra!
The 12-headed hydra is almost dead.
The 12-headed hydra bites you! The 12-headed hydra misses you.
The 12-headed hydra bites you. The 12-headed hydra bites you!
The 12-headed hydra completely misses you.
The 12-headed hydra bites you! The 12-headed hydra bites you!!
* * * LOW HITPOINT WARNING * * *
The 12-headed hydra bites you!
* * * LOW HITPOINT WARNING * * *
The 12-headed hydra closely misses you. The 12-headed hydra bites you!
You die...

######################
)..#.[#§§§.'§.§§§D'.$#
...##'#§####.§§§@##$G+
..§§§§#.# ##§§.## ##
####§.§§# ###+# ##
§§##+#### #Y##$$$#
.§#.^^.^# #xx###$#
§.#.°.°.+ ##x#A#$#
#'###°)○# .###$#
#.§.#○○.# ##..$#
###.#○○## +###


You could see a 12-headed hydra.

Vanquished Creatures
  2 centaur warriors (D)
  Sonja (D)
  A deep troll (D)
  A lindwurm (D)
  A shining eye (D)
  An oklob plant (D)
  A gargoyle (D)
  3 unseen horrors (D)
  4 demonic crawlers (D)
  2 kobold demonologists (D)
  A hornet (D)
  A slime creature (D)
  Sigmund (D)
  2 redbacks (D)
  A yak (D)
  13 hogs (D)
  5 floating eyes (D)
  7 necrophages (D)
  An ogre (D)
  8 jellies (D)
  Ijyb (D)
  2 ballistomycete spores (D)
60 creatures vanquished.

Vanquished Creatures (collateral kills)
  7 shining eyes (D)
  An unseen horror (D)
  2 floating eyes (D)
10 creatures vanquished.

Vanquished Creatures (others)
  19 foxfires (D)
19 creatures vanquished.

Grand Total: 89 creatures vanquished

Notes
Turn   | Place    | Note
-------+----------+-------------------------------------------
     0 | D        | Conn the Octopode Fire Elementalist began the quest for the
                  | Orb.
     0 | D        | Reached XP level 1. HP: 11/11 MP: 3/3
     1 | D        | Noticed Ijyb
     7 | D        | Killed Ijyb
     8 | D        | Reached skill level 5 in Fire Magic
     8 | D        | Reached XP level 2. HP: 17/17 MP: 3/5
     8 | D        | Reached XP level 3. HP: 21/21 MP: 4/7
    94 | D        | Noticed an ogre
   116 | D        | Killed an ogre
   117 | D        | Reached skill level 5 in Stealth
   117 | D        | Reached skill level 7 in Fire Magic
   117 | D        | Reached XP level 4. HP: 9/27 MP: 2/10
   324 | D        | Learned a level 3 spell: Conjure Flame
   328 | D        | Learned a level 3 spell: Inner Flame
   333 | D        | Learned a level 4 spell: Sticky Flame
   347 | D        | Noticed Sigmund
   365 | D        | Killed Sigmund
   366 | D        | Reached skill level 1 in Short Blades
   366 | D        | Reached skill level 5 in Spellcasting
   366 | D        | Reached skill level 9 in Fire Magic
   366 | D        | Reached XP level 5. HP: 28/32 MP: 10/12
   366 | D        | Reached XP level 6. HP: 33/37 MP: 10/13
   410 | D        | Found an ornate altar of the Wu Jian Council.
   410 | D        | Found a shimmering blue altar of Sif Muna.
   412 | D        | Found a radiant altar of Vehumet.
   419 | D        | Reached skill level 1 in Fighting
   533 | D        | Became a worshipper of Sif Muna the Loreminder
   562 | D        | Found Orphyne's General Store.
   562 | D        | Found an ancient bone altar of Kikubaaqudgha.
   562 | D        | Found a hazy altar of Hepliaklqana.
   562 | D        | Found a stormy altar of Qazlal.
   562 | D        | Found a hide-covered altar of Uskayaw.
   562 | D        | Found a blossoming altar of Fedhas.
   562 | D        | Found a bloodstained altar of Trog.
   562 | D        | Found an iron altar of Okawaru.
   562 | D        | Found a basalt altar of Yredelemnul.
   562 | D        | Found a glowing golden altar of the Shining One.
   562 | D        | Found a snail-covered altar of Cheibriados.
   562 | D        | Found a sacrificial altar of Ru.
   562 | D        | Found a glowing silver altar of Zin.
   562 | D        | Found a shadowy altar of Dithmenos.
   562 | D        | Found a white marble altar of Elyvilon.
   562 | D        | Noticed a yak
   569 | D        | Killed a yak
   570 | D        | Reached skill level 5 in Dodging
   570 | D        | Reached skill level 10 in Fire Magic
   570 | D        | Reached XP level 7. HP: 28/43 MP: 6/15
   572 | D        | Found an opulent altar of Gozag.
   573 | D        | Found a sparkling altar of Nemelex Xobeh.
   688 | D        | Learned a level 5 spell: Fireball
   690 | D        | Found a burning altar of Makhleb.
   690 | D        | Found a viscous altar of Jiyva.
   690 | D        | Found a shimmering altar of Xom.
   690 | D        | Found a corrupted altar of Lugonu.
   690 | D        | Noticed a slime creature
   699 | D        | Killed a slime creature
   700 | D        | Reached skill level 11 in Fire Magic
   773 | D        | Noticed a kobold demonologist
   773 | D        | Noticed a kobold demonologist
   775 | D        | Reached * piety under Sif Muna
   776 | D        | Reached skill level 5 in Conjurations
   781 | D        | Killed a kobold demonologist
   782 | D        | Reached skill level 12 in Fire Magic
   782 | D        | Reached XP level 8. HP: 47/51 MP: 9/18
   786 | D        | Noticed a red devil
   786 | D        | Killed a kobold demonologist
   789 | D        | Noticed a demonic crawler
   789 | D        | Noticed a demonic crawler
   789 | D        | Noticed a demonic crawler
   789 | D        | Noticed a demonic crawler
   893 | D        | Noticed Sonja
   895 | D        | Killed Sonja
   895 | D        | Reached ** piety under Sif Muna
   896 | D        | Reached skill level 13 in Fire Magic
   896 | D        | Reached XP level 9. HP: 56/56 MP: 9/21
  1021 | D        | Found Ziybees's General Store.
  1041 | D        | Noticed a deep troll
  1046 | D        | Killed a deep troll
  1047 | D        | Reached skill level 14 in Fire Magic
  1058 | D        | Found Peob's Armour Emporium.
  1177 | D        | Noticed a centaur warrior
  1180 | D        | Noticed a centaur warrior
  1180 | D        | Killed a centaur warrior
  1181 | D        | Reached skill level 5 in Short Blades
  1269 | D        | Killed a centaur warrior
  1270 | D        | Reached XP level 10. HP: 30/63 MP: 2/23
  1566 | D        | Noticed an oklob plant
  1653 | D        | Killed an oklob plant
  1653 | D        | Reached *** piety under Sif Muna
  1654 | D        | Reached skill level 10 in Spellcasting
  1654 | D        | Reached skill level 10 in Conjurations
  2077 | D        | Noticed an unseen horror
  2078 | D        | Noticed an unseen horror
  2079 | D        | Killed an unseen horror
  2080 | D        | Reached skill level 5 in Invocations
  2085 | D        | Killed an unseen horror
  2085 | D        | Reached **** piety under Sif Muna
  2226 | D        | Reached ***** piety under Sif Muna
  2231 | D        | Identified Sif Muna's Compendium of the Arsonist (Sif Muna
                  | gifted it to you in the Dungeon)
  2231 | D        | Received a gift from Sif Muna
  2250 | D        | Reached skill level 15 in Fire Magic
  2369 | D        | Identified Sif Muna's Disquisition on Creation and
                  | Weightlessness (Sif Muna gifted it to you in the Dungeon)
  2369 | D        | Received a gift from Sif Muna
  2429 | D        | Identified the ring of Dogma {rPois Int+5}
  2440 | D        | Found Kopinn's Antique Weapon Shoppe.
  2440 | D        | Found Enyema's Magic Scroll Shop.
  2440 | D        | Found Ideexzik's Jewellery Boutique.
  2442 | D        | Found Moup's Antique Weapon Emporium.
  2442 | D        | Found Yteerenoid's Armour Shop.
  2442 | D        | Found Abloynak's Magic Scroll Shoppe.
  2442 | D        | Found Henwupp's Weapon Boutique.
  2442 | D        | Found Reuguf's Antique Weapon Emporium.
  2442 | D        | Found Talatz's Jewellery Shop.
  2442 | D        | Found Inialit's General Store.
  2445 | D        | Found Kibb's Jewellery Boutique.
  2446 | D        | Found Wifumogh's Weapon Emporium.
  2446 | D        | Found Efumofeono's Jewellery Boutique.
  2447 | D        | Found Lar Roxi's Armour Emporium.
  2480 | D        | Bought a smoking dagger for 140 gold pieces
  2480 | D        | Identified the +6 dagger of the Ecumenical Temple {vorpal,
                  | Contam Will+ Dex+2 SInv} (You bought it in a shop in the
                  | Dungeon)
  2488 | D        | Bought a ring of wizardry for 420 gold pieces
  2488 | D        | Bought a ring of fire for 350 gold pieces
  2488 | D        | Bought a ring of magical power for 280 gold pieces
  2498 | D        | Bought a potion of heal wounds for 55 gold pieces
  2498 | D        | Bought 2 potions of lignification for 66 gold pieces
  2502 | D        | Bought a scroll of fear for 35 gold pieces
  2508 | D        | Bought a scroll of blinking for 82 gold pieces
  2581 | D        | Learned a level 5 spell: Bolt of Magma
  2586 | D        | Learned a level 4 spell: Summon Ice Beast
  2589 | D        | Noticed a shining eye
  2589 | D        | Noticed a shining eye
  2589 | D        | Noticed a shining eye
  2600 | D        | Killed a shining eye
  2606 | D        | Killed a shining eye
  2626 | D        | Gained mutation: You tend to lose your temper in combat. [a
                  | shining eye]
  2628 | D        | Killed a shining eye
  2629 | D        | Reached XP level 11. HP: 69/69 MP: 22/26
  2711 | D        | Noticed a shining eye
  2711 | D        | Noticed a shining eye
  2711 | D        | Noticed a shining eye
  2719 | D        | Killed a shining eye
  2720 | D        | Reached skill level 1 in Summonings
  2720 | D        | Reached skill level 1 in Ice Magic
  2724 | D        | Killed a shining eye
  2724 | D        | Identified Sif Muna's Catalogue of Battle Magic (Sif Muna
                  | gifted it to you in the Dungeon)
  2724 | D        | Received a gift from Sif Muna
  2749 | D        | Killed a shining eye
  2751 | D        | Noticed a shining eye
  2751 | D        | Noticed a shining eye
  2753 | D        | Gained mutation: You occasionally shout uncontrollably at
                  | your foes. [a shining eye]
  2786 | D        | Killed a shining eye
  2801 | D        | Killed a shining eye
  2814 | D        | Found Seoremo's Antique Armour Shop.
  2814 | D        | Found Hojirgh's Armour Shoppe.
  2814 | D        | Found Neaf's Antique Armour Boutique.
  2814 | D        | Found Paurudwa's Antique Weapon Emporium.
  2880 | D        | Reached ****** piety under Sif Muna
  2880 | D        | Identified Sif Muna's Compendium of Battle Magic (Sif Muna
                  | gifted it to you in the Dungeon)
  2880 | D        | Received a gift from Sif Muna
  2881 | D        | Reached skill level 1 in Earth Magic
  2896 | D        | Reached skill level 16 in Fire Magic
  2926 | D        | Learned a level 5 spell: Iskenderun's Battlesphere
  3294 | D        | Upgraded the game from 0.27-a0-1191-g601b473118 to
                  | 0.27-a0-1196-g3e9cee4cb2
  3304 | D        | Noticed a lindwurm
  3307 | D        | Killed a lindwurm
  3494 | D        | Identified Sif Muna's Further Progress in Wizardry (Sif
                  | Muna gifted it to you in the Dungeon)
  3494 | D        | Received a gift from Sif Muna
  3664 | D        | Identified Utrocver's Grimoire of Venomous Changing (Sif
                  | Muna gifted it to you in the Dungeon)
  3664 | D        | Received a gift from Sif Muna
  3670 | D        | Learned a level 3 spell: Mephitic Cloud
  3679 | D        | Learned a level 5 spell: Lee's Rapid Deconstruction
  3688 | D        | Learned a level 8 spell: Ignition
  3692 | D        | Noticed a daeva
  4006 | D        | Noticed a 12-headed hydra
  4010 | D        | Slain by a 12-headed hydra

Illustrated notes

Levels and vault maps discovered:
D:        dungeon_sprint_1 [red_sonja_temple_1, red_sonja_temple_small_1]

Skill      XL: |  1  2  3  4  5  6  7  8  9 10 11 |
---------------+----------------------------------+-----
Stealth        | 3 5 |  5.2
Fire Magic     | 5 7 9 10 12 13 14 15 16 | 16.6
Dodging        | 3 4 5 6 7 |  7.5
Spellcasting   | 4 5 7 8 9 11 13 | 13.3
Short Blades   | 1 2 3 4 5 |  5.8
Conjurations   | 3 4 5 7 9 11 12 | 12.1
Fighting       | 1 2 3 4 |  4.1
Invocations    | 3 6 7 |  7.3
Summonings     | 3 |  3.3
Ice Magic      | 3 |  3.5
Earth Magic    | 4 |  4.1
Throwing       | |  0.2
Unarmed Combat | |  0.8

Action                   |  1- 3 |  4- 6 |  7- 9 | 10-12 || total
-------------------------+-------+-------+-------+-------++-------
Melee: Unarmed           |     4 |       |       |       ||     4
       Constrict         |     1 |     2 |     2 |     6 ||    11
       Tentacles         |     1 |     2 |     2 |     4 ||     9
       Dagger            |     3 |    15 |    11 |    34 ||    63
Throw: Dart              |       |       |     1 |       ||     1
 Cast: Foxfire           |     5 |       |     2 |     5 ||    12
       Sticky Flame      |       |     2 |     4 |    11 ||    17
       Conjure Flame     |       |     1 |     1 |     2 ||     4
       Fireball          |       |       |    13 |    16 ||    29
       Summon Ice Beast  |       |       |       |    11 ||    11
       Bolt of Magma     |       |       |       |    19 ||    19
       Lee's Rapid Decon |       |       |       |     7 ||     7
       Iskenderun's Batt |       |       |       |     3 ||     3
Invok: Channel Magic     |       |       |       |     2 ||     2
       Forget Spell      |       |       |       |     3 ||     3
  Use: Potion            |     2 |       |       |     2 ||     4
       Scroll            |     1 |       |       |       ||     1
 Stab: Sleeping          |       |       |       |     2 ||     2
Armor: Skin              |       |     2 |     7 |    24 ||    33
Dodge: Dodged            |     1 |    10 |    25 |    39 ||    75

Table legend: (Time is in decaauts)
 A = Elapsed time spent in this place.
 B = Non-inter-level travel time spent in this place.
 C = Inter-level travel time spent in this place.
 D = Time resting spent in this place.
 E = Time spent auto-exploring this place.
 F = Levels seen in this place.
 G = Mean time per level.
                   A        B        C        D        E       F      G
               +--------+--------+--------+--------+--------+-----+--------+
         Total |   3995 |   3994 |      1 |   2827 |      0 |   1 | 3995.0 |
       Dungeon |   3995 |   3994 |      1 |   2827 |      0 |   1 | 3995.0 |
               +--------+--------+--------+--------+--------+-----+--------+

Top non-repeatable levels by time:
       D: 3995 daAuts
